Map: Dusk Towers

Players

Petraeus - Winner!

  • Race: Zerg Zerg
  • League: Master

JonSnow

  • Race: Zerg Zerg
  • League: Grandmaster

VOD

Have the link to the VOD?

Description

lawlaow lawlo not sure what to write here

Time

  • Played on: Jan. 28, 2016, 9:09 p.m.
  • Length: 23:19
Show
View Real Time Build Order
Export as new Build Order

Petraeus Zerg - Winner!

Build Orders: Hatch First, Lurkers 

Get SALT Encoding   

  12  0:01  Drone  
  13  0:08  Drone  
  14  0:17  Overlord  
  14  0:22  Extractor  
  14  0:23  Drone  
  15  0:36  Drone x2  
  17  0:51  Hatchery  
  17  0:54  Drone  
  17  0:57  Drone  
  18  1:11  Spawning Pool  
  17  1:12  Extractor  
  17  1:15  Drone  
  17  1:18  Drone  
  18  1:27  Drone  
  19  1:39  Overlord  
  19  1:48  Drone  
  20  1:58  Queen  
  20  2:00  Zergling x2  
  23  2:03  Queen  
  23  2:04  Drone  
  26  2:11  Drone  
  26  2:15  Drone  
  28  2:19  Roach Warren  
  28  2:21  Drone  
  28  2:25  Drone  
  29  2:31  Drone  
  29  2:34  Queen  
  32  2:37  Overlord  
  32  2:43  Drone  
  33  2:53  Drone  
  33  2:56  Drone  
  35  3:04  Drone  
  36  3:07  Drone  
  36  3:08  Drone x3  
  36  3:09  Overlord  
  40  3:18  Overlord  
  40  3:21  Metabolic Boost  
  40  3:22  Drone  
  40  3:30  Overlord  
  40  3:33  Hatchery  
  39  3:44  Roach  
  39  3:45  Roach x3  
  39  3:46  Roach x3  
  53  3:50  Roach  
  53  3:54  Roach  
  57  3:56  Overlord  
  59  4:03  Roach  
  59  4:14  Zergling x2  
  59  4:15  Zergling x2  
  59  4:16  Zergling x8  
  65  4:19  Zergling x6  
  65  4:21  Zergling x2  
  69  4:26  Zergling x2  
  69  4:27  Extractor  
  69  4:32  Zergling x2  
  69  4:37  Zergling x2  
  71  4:40  Lair  
  71  4:44  Extractor, Drone  
  71  4:47  Drone x2  
  71  4:49  Drone x3  
  71  4:50  Drone x2  
  78  4:54  Overlord  
  78  4:55  Drone  
  78  5:03  Drone x2  
  73  5:09  Drone  
  73  5:11  Evolution Chamber  
  73  5:12  Drone  
  74  5:18  Drone x2  
  74  5:19  Roach x2  
  74  5:22  Drone  
  74  5:23  Drone x3  
  74  5:26  Drone x4  
  82  5:32  Overlord  
  82  5:34  Roach  
  84  5:39  Roach  
  84  5:40  Zerg Missile Weapons Level 1  
  84  5:41  Glial Reconstitution  
  86  5:45  Roach x2  
  88  5:50  Roach  
  88  5:51  Roach  
  88  5:53  Roach  
  88  5:54  Overlord  
  88  5:55  Overlord x2  
  88  5:56  Roach  
  95  5:58  Roach  
  97  6:05  Overlord x3  
  97  6:15  Roach  
  97  6:16  Roach x4  
  97  6:17  Roach x2  
  111  6:21  Overlord  
  111  6:23  Roach  
  111  6:24  Overseer  
  113  6:32  Roach x2  
  117  6:33  Roach  
  117  6:34  Drone x3  
  117  6:35  Drone  
  117  6:36  Drone x2  
  117  6:38  Extractor  
  124  6:42  Roach x2  
  124  6:43  Roach  
  124  6:45  Overlord  
  124  6:46  Roach  
  132  6:50  Roach  
  134  6:58  Drone  
  134  6:59  Drone  
  134  7:01  Roach x2  
  140  7:02  Drone, Hatchery  
  140  7:03  Drone  
  140  7:05  Extractor  
  140  7:06  Drone  
  140  7:08  Extractor, Drone x3  
  143  7:12  Drone x2  
  143  7:13  Drone  
  146  7:16  Roach  
  146  7:17  Roach  
  150  7:25  Roach x2  
  150  7:29  Overlord  
  154  7:30  Overlord x2  
  152  7:38  Roach x2  
  152  7:39  Roach x2  
  152  7:42  Roach x3  
  144  7:45  Roach  
  144  7:46  Roach x3  
  144  7:50  Roach  
  150  7:52  Ravager  
  150  7:53  Ravager  
  150  7:55  Ravager x2  
  150  7:58  Roach  
  156  7:59  Drone  
  156  8:02  Zerg Missile Weapons Level 2  
  156  8:03  Evolution Chamber  
  156  8:04  Drone  
  157  8:08  Drone  
  157  8:11  Roach x2  
  162  8:17  Drone, Hydralisk Den  
  162  8:18  Queen  
  164  8:22  Extractor  
  164  8:25  Spore Crawler  
  164  8:26  Drone x3  
  165  8:27  Drone  
  165  8:28  Drone, Spore Crawler  
  165  8:29  Drone  
  165  8:30  Spore Crawler  
  165  8:31  Spore Crawler  
  165  8:32  Drone  
  165  8:34  Spore Crawler, Drone  
  166  8:35  Spore Crawler, Drone  
  166  8:36  Drone  
  166  8:37  Spore Crawler  
  166  8:40  Spore Crawler  
  165  8:42  Ravager  
  165  8:43  Ravager  
  165  8:44  Ravager x2  
  165  8:46  Overlord x2  
  165  8:47  Overlord  
  170  8:56  Overlord x2  
  170  8:57  Overlord  
  170  9:06  Lurker Den  
  170  9:07  Roach x2  
  170  9:08  Roach  
  176  9:12  Overlord x2  
  176  9:13  Zerg Ground Armor Level 1  
  176  9:19  Ravager  
  176  9:20  Ravager  
  176  9:21  Roach x4  
  176  9:22  Roach x3  
  186  9:27  Ravager x2  
  186  9:28  Hydralisk x2, Roach  
  186  9:30  Hydralisk  
  192  9:42  Roach x4  
  192  9:43  Roach x3  
  182  9:50  Hydralisk  
  182  9:51  Hydralisk x3  
  187  9:53  Ravager  
  187  9:54  Ravager  
  188  10:00  Roach x3  
  188  10:01  Ravager  
  188  10:02  Ravager  
  188  10:04  Queen, Ravager  
  194  10:09  Roach x3  
  200  10:22  Overlord x2  
  200  10:23  Infestation Pit, Overlord  
  199  10:30  Extractor  
  199  10:35  Muscular Augments  
  196  10:38  Tunneling Claws  
  196  10:43  Pneumatized Carapace  
  196  10:44  Drone  
  196  10:45  Drone x3  
  198  10:56  Lurker x3  
  195  10:59  Drone x4  
  195  11:02  Drone, Spine Crawler x2  
  198  11:05  Spine Crawler x2  
  198  11:06  Lurker x2  
  198  11:16  Hive  
  200  11:19  Hatchery  
  200  11:21  Burrow  
  195  11:31  Spine Crawler  
  195  11:32  Spine Crawler  
  191  11:36  Hydralisk  
  191  11:37  Hydralisk x4  
  192  11:47  Hydralisk x6  
  200  12:11  Zerg Ground Armor Level 2  
  181  12:34  Hatchery  
  181  12:35  Viper x2  
  186  12:37  Pathogen Glands  
  186  12:39  Zerg Missile Weapons Level 3  
  186  12:40  Hydralisk x7  
  198  12:49  Roach x4  
  198  12:51  Roach x8  
  198  13:03  Hatchery  
  198  13:05  Roach  
  197  13:12  Roach x5  
  197  13:13  Hatchery  
  192  13:22  Roach x10  
  192  13:23  Infestor x4  
  194  13:27  Drone  
  194  13:28  Spire, Drone x6  
  194  13:43  Lurker x6  
  200  13:59  Overseer  
  200  14:00  Spore Crawler, Spine Crawler x3  
  200  14:01  Spine Crawler  
  195  14:03  Drone  
  195  14:04  Drone x4, Spore Crawler  
  195  14:06  Spine Crawler  
  198  14:10  Hydralisk  
  200  14:18  Extractor  
  200  14:23  Extractor  
  148  14:42  Infestor  
  148  14:43  Infestor  
  148  14:45  Lurker x7  
  157  14:46  Roach  
  157  14:47  Roach x7  
  157  14:50  Drone x5  
  157  14:51  Drone  
  157  14:52  Spine Crawler  
  178  14:55  Spine Crawler  
  169  15:00  Roach  
  169  15:01  Roach x12  
  179  15:20  Drone x3  
  179  15:21  Roach x3  
  175  15:25  Hydralisk x10  
  190  15:51  Viper  
  190  15:54  Roach x5  
  189  15:58  Roach  
  189  16:02  Spore Crawler  
  189  16:03  Drone x6  
  189  16:04  Spore Crawler x2, Spine Crawler  
  193  16:05  Hydralisk x5, Spine Crawler  
  193  16:06  Spine Crawler  
  197  16:12  Hydralisk  
  197  16:14  Infestor x4  
  197  16:18  Hydralisk x3  
  174  16:25  Infestor  
  167  16:31  Queen x3  
  167  16:32  Roach  
  157  16:38  Hydralisk  
  157  16:39  Hydralisk x2  
  145  16:40  Roach x2  
  143  16:48  Infestor  
  143  16:49  Infestor  
  128  16:58  Hydralisk x2  
  128  16:59  Hydralisk x2  
  127  17:15  Hydralisk  
  127  17:16  Hydralisk x4  
  137  17:36  Hydralisk x4, Spore Crawler  
  138  17:41  Spore Crawler  
  138  17:43  Roach  
  138  17:44  Roach x2  
  143  17:55  Drone x2  
  143  17:56  Drone  
  143  17:57  Spore Crawler  
  143  17:59  Spore Crawler  
  141  18:06  Hydralisk x3  
  141  18:07  Roach  
  141  18:08  Roach x2  
  147  18:20  Lurker x3  
  147  18:21  Lurker  
  147  18:26  Roach x2  
  152  18:52  Hydralisk  
  152  18:53  Hydralisk x2, Roach x3  
  152  18:54  Roach  
  166  18:58  Overlord x2  
  166  19:04  Lurker  
  167  19:11  Infestor  
  167  19:15  Hatchery  
  166  19:17  Lurker  
  167  19:30  Spine Crawler  
  166  19:32  Spore Crawler, Spine Crawler  
  166  19:34  Spore Crawler, Spine Crawler  
  166  19:36  Lurker  
  163  19:38  Hatchery  
  163  19:43  Hydralisk, Spine Crawler  
  163  19:44  Hydralisk  
  160  20:03  Overlord  
  160  20:08  Drone x3  
  160  20:10  Spore Crawler  
  160  20:12  Lurker, Spine Crawler  
  160  20:13  Spore Crawler  
  159  20:14  Spine Crawler  
  158  20:33  Hydralisk x3  
  164  20:38  Hydralisk  
  164  20:42  Queen  
  166  20:47  Hydralisk  
  166  20:48  Roach x2  
  174  20:54  Roach x4  
  171  21:11  Drone x8  
  172  21:12  Extractor  
  176  21:20  Spine Crawler  
  176  21:21  Spine Crawler  
  176  21:22  Spore Crawler, Spine Crawler  
  176  21:23  Viper  
  175  21:34  Hydralisk x2  
  175  21:39  Overlord  
  179  21:40  Overlord x2  
  179  21:41  Drone  
  180  21:51  Spore Crawler  
  180  21:54  Spore Crawler  
  176  22:07  Hydralisk  
  176  22:08  Roach x9  
  196  22:15  Roach x2  
  188  22:37  Overlord x2  
  188  22:41  Hydralisk x5  
Show
View Real Time Build Order
Export as new Build Order

JonSnow Zerg 

Build Orders: 3 Hatch before Pool, Lurkers 

Get SALT Encoding   

  12  0:01  Drone  
  13  0:12  Overlord  
  13  0:17  Drone  
  14  0:30  Drone  
  14  0:31  Drone  
  14  0:35  Drone  
  17  0:52  Hatchery  
  17  0:55  Drone  
  17  1:00  Drone  
  18  1:06  Drone  
  19  1:22  Hatchery  
  19  1:24  Drone  
  19  1:31  Extractor, Drone  
  19  1:42  Spawning Pool  
  19  1:45  Drone  
  19  1:50  Drone  
  20  2:00  Drone  
  21  2:09  Drone  
  21  2:12  Drone  
  23  2:21  Drone  
  23  2:22  Drone  
  25  2:29  Queen  
  28  2:30  Zergling x2  
  28  2:31  Metabolic Boost  
  28  2:33  Queen  
  30  2:39  Queen  
  30  2:42  Drone  
  33  2:45  Drone  
  33  2:51  Baneling Nest  
  33  2:52  Drone  
  33  2:56  Overlord  
  34  3:02  Spine Crawler  
  34  3:04  Drone  
  34  3:13  Overlord  
  34  3:15  Zergling x6  
  37  3:26  Drone  
  42  3:27  Drone x4  
  42  3:34  Overlord  
  42  3:37  Baneling  
  42  3:39  Drone  
  42  3:40  Drone x4  
  48  3:51  Extractor, Drone x3  
  50  3:55  Roach Warren  
  50  3:57  Extractor  
  50  4:01  Drone x5  
  52  4:06  Overlord  
  52  4:17  Overlord x2  
  52  4:27  Spine Crawler  
  51  4:35  Roach x4  
  51  4:36  Roach x6  
  71  4:40  Roach  
  71  4:41  Roach  
  71  4:44  Baneling x2  
  75  4:46  Baneling  
  75  4:48  Zergling x8  
  78  5:00  Zergling x2  
  78  5:01  Zergling x6  
  76  5:11  Lair  
  74  5:14  Evolution Chamber  
  74  5:17  Drone x6  
  74  5:21  Drone x2  
  81  5:25  Drone  
  81  5:27  Overlord x3  
  82  5:37  Extractor  
  82  5:41  Zerg Missile Weapons Level 1  
  81  5:43  Drone  
  81  5:45  Queen  
  81  5:46  Drone x4  
  81  5:48  Drone  
  88  5:56  Drone x2  
  90  6:02  Extractor x2  
  88  6:07  Overlord x2  
  88  6:13  Glial Reconstitution  
  88  6:14  Overlord x2  
  88  6:19  Spire, Drone, Hatchery  
  88  6:20  Drone  
  88  6:24  Drone x2  
  90  6:26  Roach x3  
  90  6:30  Queen  
  90  6:31  Drone, Overlord  
  99  6:34  Drone x2  
  99  6:36  Drone  
  99  6:37  Drone  
  103  6:44  Overseer  
  103  6:48  Ravager  
  103  6:49  Ravager x2  
  103  6:50  Overlord, Ravager  
  103  6:51  Overlord  
  107  6:54  Drone x2  
  107  6:56  Roach x4  
  107  7:01  Roach x2  
  121  7:02  Roach  
  121  7:04  Roach  
  121  7:07  Roach x2  
  129  7:09  Roach  
  129  7:11  Overlord  
  129  7:13  Roach  
  129  7:14  Roach  
  135  7:19  Roach x2  
  138  7:24  Roach x4  
  138  7:28  Zergling x2  
  138  7:29  Zergling x4  
  149  7:33  Mutalisk  
  150  7:39  Mutalisk  
  150  7:43  Roach  
  150  7:44  Zergling x2, Roach x2  
  139  7:53  Mutalisk  
  141  8:03  Mutalisk  
  143  8:07  Overlord, Hatchery  
  143  8:08  Mutalisk  
  143  8:12  Roach x3  
  150  8:14  Overlord x2, Hatchery  
  150  8:19  Roach x3  
  155  8:24  Roach x2  
  159  8:29  Roach  
  159  8:33  Extractor  
  160  8:36  Roach x2  
  160  8:38  Overlord  
  160  8:39  Overlord x2  
  160  8:41  Roach  
  166  8:51  Roach x5  
  166  8:52  Ravager x2  
  178  9:01  Roach x3  
  184  9:09  Zerg Missile Weapons Level 2  
  181  9:11  Roach  
  181  9:12  Roach x2  
  181  9:15  Extractor  
  185  9:20  Extractor  
  185  9:22  Roach x2  
  185  9:23  Roach x4  
  190  9:30  Extractor  
  190  9:31  Roach x3  
  191  9:43  Roach x6  
  185  9:47  Roach x4  
  187  9:57  Roach  
  187  9:58  Roach x3  
  195  10:07  Drone x3  
  195  10:10  Hydralisk Den, Ravager  
  195  10:11  Roach  
  200  10:16  Overlord  
  200  10:56  Lurker Den  
  193  11:02  Roach x3  
  199  11:12  Ravager  
  199  11:14  Spore Crawler  
  199  11:15  Ravager  
  201  11:20  Overseer  
  201  11:21  Overlord  
  201  11:26  Zerg Ground Armor Level 1  
  191  11:48  Overseer  
  191  11:54  Hydralisk x4  
  191  12:00  Overlord  
  195  12:05  Ravager  
  196  12:15  Hydralisk  
  196  12:16  Hydralisk  
  200  12:25  Hydralisk x3  
  200  12:49  Lurker x6  
  196  12:54  Spore Crawler, Spine Crawler  
  196  12:55  Infestation Pit  
  193  12:59  Hydralisk x3  
  193  13:01  Lurker  
  191  13:23  Hydralisk x4  
  197  13:32  Zerg Ground Armor Level 2  
  197  13:33  Hive  
  195  13:36  Roach x2  
  199  13:42  Spine Crawler  
  198  13:50  Lurker  
  198  13:51  Lurker  
  200  13:59  Spine Crawler  
  200  14:01  Spine Crawler  
  198  14:04  Hydralisk  
  196  14:36  Mutalisk x8  
  196  14:37  Mutalisk x7  
  194  14:45  Mutalisk x2  
  194  14:46  Mutalisk  
  196  14:56  Mutalisk  
  196  14:57  Mutalisk x6  
  196  15:04  Pneumatized Carapace, Overseer  
  189  15:10  Mutalisk x6  
  196  15:20  Hydralisk  
  196  15:21  Hydralisk x4  
  177  15:23  Zergling x30  
  198  15:46  Hydralisk x2  
  192  15:51  Mutalisk x3  
  197  15:57  Overseer  
  130  16:27  Hydralisk  
  130  16:28  Hydralisk x8  
  130  16:29  Roach x14  
  157  16:34  Roach  
  150  16:42  Roach  
  148  16:58  Roach  
  148  16:59  Roach x2  
  148  17:00  Overseer  
  151  17:13  Hydralisk x2  
  149  17:28  Roach  
  149  17:29  Roach x2  
  155  17:35  Ravager x7  
  162  17:42  Muscular Augments  
  162  17:47  Drone x2  
  164  17:52  Roach  
  162  18:16  Roach x4  
  162  18:17  Roach x2  
  174  18:28  Roach  
  174  18:29  Roach x2  
  170  18:39  Roach x3  
  159  18:48  Ravager  
  159  18:49  Ravager x4  
  160  19:05  Roach x4  
  168  19:34  Roach x2  
  172  19:43  Hatchery  
  169  19:49  Hatchery  
  162  20:04  Overseer  
  162  20:07  Roach x2  
  162  20:08  Roach x7  
  180  20:35  Overlord  
  180  20:36  Zerg Missile Weapons Level 3  
  176  21:07  Roach x6  
  176  21:08  Roach x2  
  190  21:23  Drone x2  
  192  21:33  Roach  
  192  21:34  Roach x3  
  200  21:56  Extractor, Hatchery  
  200  21:57  Extractor  
  189  22:50  Roach x5  
Tags
 
Add a new tag
Caveats
  • Supply blocks, unpowered buildings, or Contaminate may cause inaccurate times.
  • Supply counts are checked every 10 seconds.